 Dungeon Crawl Stone Soup version 0.30.1-3-gfc49f6343a (webtiles) character file.

Game seed: 71966869330627119

36 H0rd4k the Charlatan (level 3, 0/23 HPs)
             Began as an Octopode Artificer on July 25, 2023.
             Slain by a bat (1 damage)
             ... on level 2 of the Dungeon.
             The game lasted 00:00:59 (706 turns).

H0rd4k the Charlatan (Octopode Artificer)            Turns: 706, Time: 00:00:59

Health: 0/23       AC:  1    Str: 11    XL:     3   Next: 37%
Magic:  3/3        EV: 14    Int: 15    God:
Gold:   77         SH:  0    Dex: 18    Spells: 2/2 levels left

rFire   . . .        (no weapon)
rCold   . . .        (no shield)
rNeg    . . .        (helmet restricted)
rPois   .            h - amulet of regeneration
rElec   .            j - +6 ring of dexterity
rCorr   .            (no ring)
SInv    .            (no ring)
Will    .....        (no ring)
Stlth   +++          (no ring)
HPRegen 1.03/turn    (no ring)
MPRegen 0.08/turn    (no ring)
                     (no ring)

%: no passive effects
@: no status effects
A: almost no armour, amphibious, 8 rings, camouflage 1, gelatinous body 1,
(nimble swimmer 1), tentacles
a: no special abilities


You were on level 2 of the Dungeon.
You visited 1 branch of the dungeon, and saw 2 of its levels.

You collected 77 gold pieces.

Inventory:

Jewellery
 h - an amulet of regeneration (around mantle)
 i - an amulet of guardian spirit
 j - a +6 ring of dexterity (left tentacle)
Wands
 b - a wand of flame (13) (quivered)
 c - a wand of charming (14)
 d - a wand of iceblast (4)
Scrolls
 e - 2 scrolls of fear {unknown}
 f - 2 scrolls of identify {unknown}
 g - a scroll of poison {unknown}
 k - a scroll of magic mapping {unknown}
Potions
 a - 2 potions of brilliance {unknown}
 l - a potion of haste {unknown}


   Skills:
 + Level 1.1 Fighting
 + Level 2.7 Dodging
 + Level 1.8 Stealth
 + Level 0.7 Unarmed Combat
 + Level 4.1 Evocations


You had 2 spell levels left.
You didn't know any spells.
Your spell library was empty.

Dungeon Overview and Level Annotations

Branches:
Dungeon (2/15)

Altars:

Annotations:
D:2 Robin


Innate Abilities, Weirdness & Mutations

You cannot wear most types of armour.
You are amphibious.
You can wear up to eight rings at the same time.
Your skin changes colour to match your surroundings (Stealth+).
Your rubbery body absorbs attacks. (AC +1, EV +1)
((You are camouflaged when in or above water. (Stealth+)))
You have tentacles for arms and can constrict up to eight enemies at once.


Message History

There are monsters nearby!
You barely miss the bat.
Robin shouts!
The goblin shouts!
Your grab misses the bat. The bat hits you but does no damage.
A goblin comes into view. It is wielding a +0 club.
Robin throws the goblin at you! The quokka bites you.
The bat hits you but does no damage. The bat hits you.
Robin throws the goblin at you!
A goblin comes into view. It is wielding a +0 dagger.
The bat closely misses you. The bat misses you.
You closely miss the goblin.
The goblin shouts!
Your grab misses the goblin. The bat barely misses you.
The bat hits you but does no damage. The goblin hits you with a +0 club.
The goblin barely misses you.
A goblin comes into view. It is wielding a +0 dagger.
The giant cockroach bites you.
You tentacle-slap the goblin. Your grab misses the goblin.
You squeeze the goblin, but do no damage.
The goblin is moderately wounded.
The bat barely misses you. The goblin hits you with a +0 club.
The goblin barely misses you. The hobgoblin hits you.
Robin roars a battlecry!
The goblins go into a battle-frenzy!
The giant cockroach closely misses you.
You barely miss the goblin. You grab the goblin.
The goblin is moderately wounded.
You constrict the goblin. The bat closely misses you.
The goblin hits you with a +0 club.
* * * LOW HITPOINT WARNING * * *
The goblin closely misses you. The hobgoblin hits you.
* * * LOW HITPOINT WARNING * * *
The giant cockroach bites you.
* * * LOW HITPOINT WARNING * * *
You tentacle-slap the goblin.
You kill the goblin!
The bat hits you.
* * * LOW HITPOINT WARNING * * *
The bat hits you.
You die...

.... ... # ... $
#. ..# #.#<###.#
........#######
.....gbr......+
... ..g..gBg# ...
..gg.gg@###### #..
.....ggb)....# #.#
...#########.###.#
.. #..##.### .
##......# ###.†#.#
##...# #.######
#......+


You could see Robin, a quokka, a giant cockroach, 2 hobgoblins, 7 goblins and 2
bats.

Vanquished Creatures
  An adder (D:2)
  A dart slug (D:2)
  2 ball pythons (D:2)
  4 endoplasms
  4 goblins
  3 jackals (D:1)
  2 quokkas (D:1)
  A bat (D:1)
  A frilled lizard (D:1)
  4 rats (D:1)
23 creatures vanquished.

Vanquished Creatures (others)
  A jackal (D:1)
1 creature vanquished.

Grand Total: 24 creatures vanquished

Notes
Turn   | Place    | Note
-------+----------+-------------------------------------------
     0 | D:1      | H0rd4k the Octopode Artificer began the quest for the Orb.
     0 | D:1      | Reached XP level 1. HP: 13/13 MP: 1/1
   151 | D:1      | Reached XP level 2. HP: 7/18 MP: 2/2
   428 | D:1      | Reached skill level 4 in Evocations
   639 | D:2      | Reached XP level 3. HP: 23/23 MP: 3/3
   699 | D:2      | Noticed Robin
   705 | D:2      | HP: 1/23 [giant cockroach (1)]
   706 | D:2      | Slain by a bat

Illustrated notes

Levels and vault maps discovered:
D:1:      dpeg_arrival_three_bigger_balls, layout_rooms,
          amcnicky_mini_pool_small
D:2:      layout_basic, uniq_sigmund, uniq_robin

Skill      XL: |  1  2 |
---------------+-------+-----
Evocations     | 4 |  4.1
Fighting       | |  1.1
Dodging        | |  2.7
Stealth        | |  1.8
Unarmed Combat | |  0.7

Action                     || total
---------------------------++-------
  Melee: Unarmed           ||    58
         Tentacles         ||    12
         Constrict         ||    12
  Evoke: Wand              ||     4
   Stab: Sleeping          ||     7
 Armour: Skin              ||     8
  Dodge: Dodged            ||    40
